 Dungeon Crawl Stone Soup version 0.31-a0-818-ge7c7cf74f0 (webtiles) character file.

Game seed: 10541819441108692527

550221 Joey1 the Conqueror (level 24, -11/249 HPs)
             Began as a Minotaur Berserker on Sept 22, 2023.
             Was the Champion of Trog.
             Killed from afar by a red draconian scorcher (27 damage)
             ... with damnation
             ... led by a red draconian scorcher
             ... on level 1 of the Realm of Zot.
             The game lasted 03:20:13 (56360 turns).

Joey1 the Conqueror (Minotaur Berserker)           Turns: 56360, Time: 03:20:14

Health: -11/249    AC: 34    Str: 38    XL:     24   Next: 43%
Magic:  27/27      EV: 15    Int:  6    God:    Trog [******]
Gold:   5725       SH: 36    Dex: 10    Spells: 23/23 levels left

rFire   + . .        K - +9 broad axe (heavy)
rCold   + + +        e - +8 tower shield
rNeg    + . .        b - +9 ice dragon scales "Hecvefayc" {rElec rF- rC++ Regen+ Str+4}
rPois   .            X - +2 hat
rElec   +            C - scarf {rC+ rF+}
rCorr   +            A - +2 pair of gloves
SInv    .            o - +2 pair of boots {Fly}
Will    +++..        B - amulet of the Voivode {Reflect rF- rC+ Will+ SH+5} Stlth
                     P - ring "Waezxau" {Wiz rF++ rCorr Str-2 Slay+2}
HPRegen 1.41/turn    Q - ring of Jiabioma {rN+ Will+ Str+4}
MPRegen 0.20/turn

%: reflection, wizardry (x1)
@: on berserk cooldown, flying, studying Ranged Weapons
A: horns 2, retaliatory headbutt, claws 1, cold resistance 1, low MP 1,
MP-powered wands
}: 4/15 runes: decaying, slimy, silver, gossamer
a: Renounce Religion, Berserk, Trog's Hand, Brothers in Arms


You were on level 1 of the Realm of Zot.
You worshipped Trog.
Trog was exalted by your worship.
You visited 10 branches of the dungeon, and saw 48 of its levels.
You visited the Abyss 1 time.
You also visited: Trove and Ice Cave.

You collected 8056 gold pieces.
You spent 2331 gold pieces at shops.

Inventory:

Hand Weapons
 a - a +8 broad axe
 K - a +9 heavy broad axe (weapon)
Missiles
 s - 2 throwing nets
 H - 9 silver javelins
Armour
 b - the +9 ice dragon scales "Hecvefayc" (worn) {rElec rF- rC++ Regen+ Str+4}
   (You found it in an ice cave)

   Str+4:     It affects your strength (+4).
   rF-:       It makes you vulnerable to fire.
   rC++:      It greatly protects you from cold.
   rElec:     It insulates you from electricity.
   Regen+:    It increases your rate of health regeneration.
 e - a +8 tower shield (worn)
 o - a +2 pair of boots of flying (worn)
 A - a +2 pair of gloves (worn)
 C - a scarf of resistance (worn)
 X - a +2 hat (worn)
Jewellery
 j - the ring of Peddoxoa {Will+ rCorr}
   (You found it on level 3 of the Vaults)

   [ring of willpower]

   Will+:     It increases your willpower.
   rCorr:     It protects you from acid and corrosion.
 n - a +6 ring of intelligence
 B - the amulet of the Voivode (around neck) {Reflect rF- rC+ Will+ SH+5}
   (You took it off a deep elf high priest on level 3 of the Elven Halls)

   [amulet of reflection]

   Reflect:   It reflects blocked missile attacks.
   rF-:       It makes you vulnerable to fire.
   rC+:       It protects you from cold.
   Will+:     It increases your willpower.
   SH+5:      It affects your SH (+5).
 L - a ring of poison resistance
 P - the ring "Waezxau" (left hand) {Wiz rF++ rCorr Str-2 Slay+2}
   (You found it on level 5 of the Pits of Slime)

   [ring of wizardry]

   Wiz:       It improves your spell success rate.
   Str-2:     It affects your strength (-2).
   Slay+2:    It affects your accuracy & damage with ranged weapons and melee
   (+2).
   rF++:      It greatly protects you from fire.
   rCorr:     It protects you from acid and corrosion.
 Q - the ring of Jiabioma (right hand) {rN+ Will+ Str+4}
   (You bought it in a shop on level 1 of the Depths)

   [ring of willpower]

   Str+4:     It affects your strength (+4).
   rN+:       It protects you from negative energy.
   Will+:     It increases your willpower.
 T - the necklace of Bloodlust {Fury *Rage Will++ Int-3 Slay+6}
   (You found it on level 7 of the Dungeon)

   [amulet of nothing]

   Fury:      It extends the wearer's berserk rage when killing foes.
   Int-3:     It affects your intelligence (-3).
   Slay+6:    It affects your accuracy & damage with ranged weapons and melee
   (+6).
   Will++:    It greatly increases your willpower.
   *Rage:     It berserks you when you make melee attacks (+50% chance).
 Y - a ring of flight
 Z - a +4 ring of protection
Wands
 i - a wand of charming (80)
 q - a wand of iceblast (59)
 y - a wand of mindburst (57)
 M - a wand of polymorph (17)
 O - a wand of flame (67)
 S - a wand of digging (15)
 U - a wand of quicksilver (27)
Scrolls
 d - 7 scrolls of blinking
 g - 7 scrolls of poison
 k - 21 scrolls of teleportation
 r - 8 scrolls of fear
 z - 7 scrolls of fog
 D - 4 scrolls of enchant armour
 F - 11 scrolls of revelation
 I - 2 scrolls of immolation
 J - a scroll of torment
 R - 6 scrolls of silence
 V - 3 scrolls of enchant weapon
Potions
 c - 9 potions of enlightenment
 f - 3 potions of invisibility
 h - 4 potions of cancellation
 l - 6 potions of mutation
 m - 26 potions of curing
 p - 3 potions of magic
 t - 8 potions of ambrosia
 u - 15 potions of heal wounds
 v - 6 potions of attraction
 w - 10 potions of lignification
 x - 3 potions of resistance
 E - 8 potions of might
 G - 7 potions of haste
 W - 6 potions of berserk rage
Miscellaneous
 N - a phial of floods


   Skills:
 O Level 27 Fighting
 + Level 23.7 Axes
 - Level 10.0 Throwing
 - Level 17.0 Armour
 - Level 13.0 Dodging
 - Level 25.0 Shields
 + Level 12.1 Invocations
 - Level 15.0 Evocations


You had 23 spell levels left.
You didn't know any spells.
Your spell library was empty.

Dungeon Overview and Level Annotations

Branches:
Dungeon (15/15)            Temple (0/1) D:4            Lair (5/5) D:11
  Swamp (4/4) Lair:3       Spider (4/4) Lair:2        Slime (5/5) Lair:4
    Orc (2/2) D:11            Elf (3/3) Orc:2        Vaults (5/5) D:13
  Crypt (0/3) Vaults:3     Depths (4/4) D:15            Zot (1/5) Depths:4
  IceCv (visited)

Altars:
Ashenzari
Fedhas
Gozag
Hepliaklqana
Makhleb
Nemelex Xobeh
Qazlal
Ru
Sif Muna
Vehumet
Zin
The Shining One

Shops:
D:2 !   D:7 :   D:12 *   Orc:2 =?:(   Vaults:1 [   Vaults:2 !*?(   Depths:1 ==:

Portals:
Hell: Depths:1 Depths:2 Depths:3 Depths:4
Abyss: Depths:2 Depths:3
Pandemonium: Depths:2
Ziggurat: Depths:1
Bazaar: Vaults:3

Annotations:
D:1 dig
Depths:2 2 runed translucent doors, exclusion: 2 doors, xzight's ghost, legendary MiBe
Zot:1 2 transporters


Innate Abilities, Weirdness & Mutations

You have a pair of horns on your head.
You reflexively headbutt those who attack you in melee.
You have sharp fingernails.
Your flesh is cold resistant. (rC+)
Your magical capacity is low. (-10% MP)
You expend magic power (3 MP) to strengthen your wands.


Message History

The fireball explodes!
The fireball engulfs you! You resist.
* * * LOW HITPOINT WARNING * * *
The purple draconian shifter casts a spell.
The purple draconian shifter blinks!
The purple draconian shifter breathes dispelling energy at you.
The bolt of dispelling energy misses you.
The red draconian scorcher breathes fire at you.
The searing blast hits you! You resist.
* * * LOW HITPOINT WARNING * * *
The purple draconian shifter breathes dispelling energy at you.
The bolt of dispelling energy misses you.
The red draconian scorcher points at you and mumbles some strange words.
The bolt of fire hits you! You resist.
* * * LOW HITPOINT WARNING * * *
The purple draconian shifter breathes dispelling energy at you.
The bolt of dispelling energy hits you!
* * * LOW HITPOINT WARNING * * *
Items here: )))))) [[[ ††††††.
The purple draconian shifter points at you and mumbles some strange words.
The red draconian scorcher blinks!
You see here a +3 heavy hand axe.
You block the red draconian scorcher's attack.
A red film seems to cover your vision as you go berserk!
You feel yourself moving faster!
You feel mighty!
The red draconian scorcher gestures at you while chanting.
The bolt of fire hits you!! You resist.
* * * LOW HITPOINT WARNING * * *
The purple draconian shifter gestures at you while chanting.
You blink.
You feel a strong urge to attack something.
You feel your anger nearly subside.
You are no longer berserk.
You are exhausted.
You feel yourself slow down.
Your magical effects are unravelling.
You feel magically purged.
You feel yourself speed up.
The red draconian scorcher casts a spell at you.
The sphere of damnation explodes!
The damnation engulfs you!!
You die...

...........##☼##..#
...#.....?.#..©#..#
.. ####......©..>.#
. ####)#©..#.##
#)##.##.# #q.#....#
#.q#...##
###..##### #@...#
#.....# #.....#
###...# #..## #..#
..# ..#


You could see a red draconian scorcher.

Vanquished Creatures
  the Royal Jelly (Slime:5)
  A dread lich (Vaults:2)
  An ancient lich (Depths:4)
  Margery (Vaults:2)
  Xtahua (Vaults:2)
  5 caustic shrikes (Depths:4)
  4 golden dragons
  A bone dragon (Depths:4)
  4 liches
  3 tentacled monstrosities
  3 deep elf master archers (Depths:2)
  A deep elf blademaster (Elf:3)
  21 acid blobs
  3 titans (Vaults:5)
  The ghost of Oxzixom the Wrestler, an adept TrBe of Trog (Swamp:3)
  A quicksilver dragon (Zot:1)
  Gastronok (Lair:3)
  3 sphinxes
  Agnes (Spider:4)
  12 shadow dragons
  A storm dragon (Vaults:5)
  4 tengu reavers
  Roxanne (Spider:1)
  A draconian monk (Zot:1)
  2 thorn hunters
  Donald (Vaults:2)
  Aizul (Spider:3)
  10 azure jellies
  4 fenstrider witches
  10 rockslimes
  14 deep elf sorcerers
  4 frost giants
  6 fire giants
  2 iron dragons
  3 draconian scorchers (Zot:1)
  A balrug (Depths:2)
  14 vault wardens
  4 emperor scorpions
  A ghost moth (Spider:4)
  9 deep elf elementalists
  Louise (Swamp:1)
  4 formless jellyfish
  13 quicksilver oozes
  5 draconian stormcallers
  A draconian shifter (Depths:4)
  2 spriggan defenders (Depths:2)
  An orc warlord (Vaults:4)
  4 ghouls
  A spectral juggernaut (Depths:4)
  21 ironbound preservers
  A reaper (IceCv)
  3 vampire knights
  A draconian annihilator (Zot:1)
  14 stone giants
  A war gargoyle (Vaults:5)
  15 very ugly things
  10 ironbound thunderhulks
  3 broodmothers
  4 green draconians
  9 deep elf demonologists
  9 deep elf annihilators
  5 dire elephants
  8 eleionomae
  A black draconian (Depths:4)
  3 yellow draconians (Zot:1)
  2 bunyips
  6 spark wasps
  A purple draconian (Depths:4)
  A red draconian (Zot:1)
  10 deep elf death magi
  2 green deaths (Swamp:4)
  Snorg (Lair:3)
  5 entropy weavers
  5 white draconians
  3 jiangshi (Depths:3)
  A merfolk impaler (Depths:3)
  12 great orbs of eyes
  12 ettins
  A blizzard demon (Depths:2)
  16 yaktaur captains
  A shambling mangrove (Swamp:4)
  13 deep elf high priests
  A salamander tyrant (Depths:3)
  5 fire dragons
  A peacekeeper (Vaults:4)
  A spectral fenstrider witch (Swamp:3)
  30 vault guards
  10 ice dragons
  A quicksilver dragon skeleton (Depths:1)
  15 hydras
  7 jorogumos
  3 ogre magi
  5 ironbound frosthearts
  A hell beast (Depths:2)
  10 centaur warriors
  4 boulder beetles
  3 catoblepae
  A sphinx zombie (Depths:4)
  6 spriggan air magi
  A boulder beetle (shapeshifter) (Elf:2)
  3 alligators
  8 two-headed ogres
  27 dancing weapons
  4 radroaches
  3 death knights
  11 deep troll earth magi
  6 death scarabs (Spider:4)
  9 deep troll shamans
  A soul eater (Depths:2)
  2 spriggan berserkers
  A vampire mage (Depths:3)
  A shock serpent (shapeshifter) (D:15)
  2 thrashing horrors (Swamp:4)
  3 tengu warriors
  15 demonic crawlers
  4 orc high priests (Orc:2)
  12 deep elf knights
  Nergalle (D:10)
  9 hell knights
  4 goliath frogs
  A skyshark (Lair:4)
  A fire crab (shapeshifter) (Depths:4)
  9 pharaoh ants
  2 shadow wraiths (Depths:4)
  6 iron trolls
  5 orb spiders
  7 skeletal warriors
  3 glowing orange brains
  3 flayed ghosts
  A salamander mystic (Depths:3)
  A deep troll (shapeshifter) (Depths:4)
  5 spriggan druids
  An orange crystal statue (D:9)
  The ghost of dxb338 the Sneak, a novice FeSh of Wu Jian (D:8)
  A golden dragon skeleton (Depths:4)
  74 deep trolls
  6 steelbarb worms
  11 deep elf archers
  7 bog bodies
  A fenstrider witch simulacrum (Swamp:3)
  2 spectral wolf spiders (Spider:4)
  6 swamp dragons
  9 wizards
  13 lindwurms
  12 necromancers
  22 ironbound convokers
  4 orc sorcerers
  A sphinx simulacrum (Depths:1)
  4 phantasmal warriors
  33 deep elf pyromancers
  A wolf spider (shapeshifter) (D:15)
  An iron dragon zombie (Depths:4)
  11 orc knights
  15 deep elf zephyrmancers
  9 wolf spiders
  A mana viper (shapeshifter) (Vaults:5)
  A spectral spriggan (Swamp:3)
  4 cyclopes
  A manticore (shapeshifter) (Vaults:5)
  39 ugly things
  3 shining eyes
  9 salamanders (Depths:3)
  A manticore (D:15)
  A salamander (shapeshifter) (Vaults:4)
  A stone giant zombie (Depths:1)
  A worldbinder (Abyss:2)
  2 will-o-the-wisps
  4 centaur zombies (D:7)
  5 moths of wrath
  15 elephants
  9 black mambas
  2 torpor snails
  2 gargoyles
  A rust devil (Depths:2)
  Joseph (D:10)
  4 ice statues
  18 vault sentinels
  2 molten gargoyles (Lair:5)
  2 orange demons (Swamp:4)
  2 centaur skeletons (D:7)
  3 eyes of devastation
  A rime drake (Lair:5)
  13 cane toads
  2 unseen horrors
  27 yaktaurs
  9 komodo dragons
  3 dryads (Depths:3)
  5 spectral redbacks (Spider:4)
  An efreet (D:10)
  6 freezing wraiths
  A yaktaur (shapeshifter) (D:13)
  7 ice devils (IceCv)
  A red devil (Abyss:2)
  An anaconda simulacrum (IceCv)
  2 tengu conjurers
  A queen bee (shapeshifter) (Elf:1)
  6 trolls
  2 hellwings
  A troll (shapeshifter) (Elf:2)
  3 polar bears (Lair:3)
  2 spectral death drakes (Swamp:3)
  The ghost of javelincjr the Changeling, an amateur DgSh (D:4)
  A spectral jumping spider (Spider:4)
  14 hornets
  3 spectral tarantellas (Spider:4)
  3 spectral culicivoras (Spider:4)
  A culicivora zombie (Spider:4)
  3 jumping spider zombies (Spider:4)
  9 tyrant leeches
  29 tarantellas
  5 blink frogs (Lair:1)
  A jumping spider (shapeshifter) (Depths:4)
  2 tarantella zombies (Spider:4)
  2 large abominations
  23 jumping spiders
  2 centaur simulacra
  13 spriggans
  107 slime creatures
  3 shadows
  16 culicivoras
  2 water elementals (Depths:3)
  Sigmund (D:3)
  10 wyverns
  A vampire (Abyss:2)
  A ynoxinul (D:8)
  An air elemental (Elf:1)
  5 fire elementals
  6 wraiths
  30 yaks
  An elf zombie (Vaults:1)
  5 golden eyes (Slime:2)
  12 basilisks
  2 steam dragons
  A death yak simulacrum (IceCv)
  14 vampire mosquitoes
  30 redbacks
  2 wargs
  15 swamp worms
  A swamp worm (shapeshifter) (Depths:3)
  3 acid dragons
  A hydra simulacrum (IceCv)
  16 water moccasins
  4 hell hounds (Lair:5)
  A swamp drake (Swamp:1)
  A floating eye (Depths:2)
  5 spriggan simulacra (Swamp:3)
  An ogre skeleton (Vaults:1)
  The ghost of ratmeat3 the Ruffian, an amateur TrBe of Trog (D:5)
  6 ice beasts
  7 ogres
  4 sky beasts
  19 orc warriors
  A black bear (shapeshifter) (D:14)
  5 boggarts (D:15)
  4 centaurs
  9 wolves
  2 phantoms
  2 kobold brigands
  3 gnoll sergeants
  A human zombie (Vaults:1)
  9 bullfrogs
  7 scorpions
  4 necrophages
  4 two-headed ogre simulacra (IceCv)
  2 cane toad simulacra (IceCv)
  9 wights
  An elephant simulacrum (IceCv)
  3 killer bees (D:11)
  A small abomination (Swamp:4)
  An electric eel (Lair:4)
  11 howler monkeys
  6 lava snakes
  20 orc priests
  3 hounds (D:5)
  Crazy Yiuf (D:5)
  A gnoll bouda (D:5)
  3 jellies
  Jessica (D:2)
  A boggart zombie (D:7)
  A sleepcap (D:6)
  4 iguanas
  27 orc wizards
  A polar bear simulacrum (IceCv)
  3 wolf simulacra (IceCv)
  17 gnolls
  9 adders
  3 naga simulacra (IceCv)
  4 shadow imps (D:7)
  8 white imps
  6 ufetubi
  6 worms
  A dart slug (D:3)
  63 orcs
  7 ball pythons
  5 endoplasms
  3 giant cockroaches
  6 hobgoblins
  17 kobolds
  3 quokkas
  7 bats
  5 frilled lizards
  5 goblins
  7 rats
  A snaplasher vine (Depths:3)
  A spectral weapon (D:10)
1924 creatures vanquished.

Vanquished Creatures (collateral kills)
  A death knight (D:14)
1 creature vanquished.

Vanquished Creatures (others)
  A golden dragon (Zot:1)
  Nikola (Depths:2)
  A yaktaur (Vaults:1)
  A bloated husk (Swamp:2)
  A wraith (D:15)
  A howler monkey (D:13)
  An iguana (shapeshifter) (Vaults:1)
  An orc (Orc:2)
  6 foxfires
14 creatures vanquished.

Grand Total: 1939 creatures vanquished

Notes
Turn   | Place    | Note
-------+----------+-------------------------------------------
     0 | D:1      | Joey1 the Minotaur Berserker began the quest for the Orb.
     0 | D:1      | Reached XP level 1. HP: 19/19 MP: 0/0
   253 | D:1      | Reached XP level 2. HP: 27/27 MP: 1/1
  1116 | D:2      | Reached skill level 4 in Fighting
  1116 | D:2      | Reached XP level 3. HP: 22/33 MP: 2/2
  1280 | D:2      | Found Midask's Distillery.
  1289 | D:2      | Bought a potion of curing for 36 gold pieces
  1309 | D:2      | Noticed Jessica
  1313 | D:2      | Killed Jessica
  1318 | D:2      | Reached ** piety under Trog
  1486 | D:2      | Reached XP level 4. HP: 36/40 MP: 3/3
  1532 | D:2      | Found a faded altar of an unknown god.
  2032 | D:3      | Reached skill level 5 in Axes
  2408 | D:3      | Noticed Sigmund
  2417 | D:3      | Killed Sigmund
  2418 | D:3      | Reached skill level 5 in Fighting
  2418 | D:3      | Reached XP level 5. HP: 41/48 MP: 4/4
  2418 | D:3      | Reached XP level 6. HP: 48/56 MP: 5/5
  2652 | D:3      | Found a hazy altar of Hepliaklqana.
  2653 | D:3      | Found a sacrificial altar of Ru.
  2656 | D:3      | Found a broken altar of Ashenzari.
  2964 | D:4      | Found a runed translucent gate.
  2964 | D:4      | Noticed javelincjr's ghost (amateur DgSh)
  2965 | D:4      | Found a runed translucent gate.
  2965 | D:4      | Identified the +0 plate armour of Demonic Tender Moments
                  | {+Inv rC+ Will++ Slay+3}
  2965 | D:4      | Noticed an orc warrior
  2966 | D:4      | Found a runed translucent gate.
  3021 | D:4      | Identified the +3 leather armour of Midwinter {rN++ Str+6
                  | SInv}
  3067 | D:4      | Found a staircase to the Ecumenical Temple.
  3301 | D:5      | Entered Level 5 of the Dungeon
  3319 | D:5      | Reached XP level 7. HP: 49/61 MP: 6/6
  3387 | D:5      | Identified the +3 scale mail "Laaw Gin" {Will++ Str-2
                  | Slay+3}
  3448 | D:5      | Found a runed translucent door.
  3449 | D:5      | Noticed Crazy Yiuf
  3687 | D:5      | Noticed ratmeat3's ghost (amateur TrBe)
  3687 | D:5      | Found a runed translucent gate.
  3687 | D:5      | Found a runed translucent gate.
  3687 | D:5      | Found a runed translucent gate.
  3708 | D:5      | Reached *** piety under Trog
  3718 | D:5      | Reached skill level 5 in Dodging
  4825 | D:2      | Bought a potion of degeneration for 12 gold pieces
  4825 | D:2      | Bought a potion of heal wounds for 60 gold pieces
  4825 | D:2      | Bought a potion of resistance for 120 gold pieces
  4966 | D:6      | Reached skill level 10 in Axes
  4966 | D:6      | Reached XP level 8. HP: 68/68 MP: 7/7
  5397 | D:6      | Reached **** piety under Trog
  5627 | D:7      | Reached XP level 9. HP: 74/74 MP: 8/8
  5652 | D:7      | Noticed a hellwing
  5653 | D:7      | Noticed a hellwing
  5698 | D:6      | Killed a hellwing
  5960 | D:7      | Reached skill level 7 in Fighting
  5987 | D:7      | Reached skill level 8 in Fighting
  6021 | D:7      | Reached skill level 9 in Fighting
  6069 | D:7      | Reached skill level 10 in Fighting
  6069 | D:7      | Reached XP level 10. HP: 72/93 MP: 9/9
  6433 | D:7      | Found Lelasch's Tremendous Tomes.
  6521 | D:7      | Found a glowing silver altar of Zin.
  6617 | D:7      | Noticed a deep troll
  6650 | D:7      | Noticed a deep troll
  6753 | D:8      | Noticed dxb338's ghost (novice FeSh)
  6770 | D:8      | Found a runed translucent door.
  6847 | D:8      | Identified the +2 ring mail of Faerghek {Harm Int+4}
  6853 | D:8      | Found an opulent altar of Gozag.
  6877 | D:8      | Reached skill level 1 in Shields
  6880 | D:8      | Reached skill level 11 in Fighting
  6891 | D:8      | Found a stormy altar of Qazlal.
  6904 | D:8      | Found a burning altar of Makhleb.
  7230 | D:9      | Reached ***** piety under Trog
  7391 | D:9      | Noticed a two-headed ogre
  7427 | D:9      | Killed a two-headed ogre
  7428 | D:9      | Reached skill level 15 in Axes
  7527 | D:9      | Noticed an orange crystal statue
  7606 | D:9      | Found a sparkling altar of Nemelex Xobeh.
  8010 | D:9      | Reached XP level 11. HP: 92/104 MP: 10/10
  8226 | D:10     | Entered Level 10 of the Dungeon
  8226 | D:10     | Found a radiant altar of Vehumet.
  8232 | D:10     | Reached skill level 12 in Fighting
  8232 | D:10     | Reached skill level 5 in Shields
  8278 | D:10     | Noticed Nergalle
  8296 | D:10     | Killed Nergalle
  8480 | D:10     | Noticed Joseph
  8488 | D:10     | Killed Joseph
  9260 | D:11     | Found a staircase to the Orcish Mines.
  9463 | D:11     | Reached skill level 13 in Fighting
  9725 | D:11     | Found a staircase to the Lair.
  9736 | D:11     | Reached skill level 14 in Fighting
  9889 | D:11     | Received a gift from Trog
  9979 | D:11     | Noticed a two-headed ogre
  9995 | D:11     | Killed a two-headed ogre
 10159 | D:11     | Reached skill level 15 in Fighting
 10159 | D:11     | Reached skill level 1 in Evocations
 10462 | D:7      | Killed a deep troll
 10484 | D:7      | Noticed a deep troll
 10499 | D:7      | Killed a deep troll
 10686 | D:7      | Killed a deep troll
 10687 | D:7      | Reached XP level 12. HP: 102/119 MP: 11/11
 10740 | D:7      | Found the necklace of Bloodlust {Fury *Rage Will++ Int-3
                  | Slay+6}
 10894 | D:4      | Killed javelincjr's ghost
 10978 | D:5      | Killed Crazy Yiuf
 11122 | D:5      | Killed ratmeat3's ghost
 11270 | D:8      | Killed dxb338's ghost
 11271 | D:8      | Reached skill level 5 in Armour
 11491 | Lair:1   | Entered Level 1 of the Lair of Beasts
 11683 | Lair:1   | Reached skill level 5 in Evocations
 13233 | Lair:2   | Paralysed by a hornet for 3 turns
 13485 | Lair:2   | You fall into a shaft and drop 1 floor!
 13545 | Lair:3   | Noticed Gastronok
 13578 | Lair:3   | Killed Gastronok
 13579 | Lair:3   | Reached XP level 13. HP: 90/127 MP: 12/12
 13878 | Lair:3   | Noticed Snorg
 13914 | Lair:3   | Killed Snorg
 13915 | Lair:3   | Reached skill level 16 in Fighting
 14297 | Lair:3   | Found a glowing golden altar of the Shining One.
 14363 | Lair:3   | Found a staircase to the Swamp.
 14420 | Lair:3   | Identified the +1 chain mail "Geifuuze" {MP-9 Slay+4}
 15432 | Lair:2   | Identified the +0 robe of the Ant {rPois Regen+ Dex+3}
 15453 | Lair:2   | Found a hole to the Spider Nest.
 16122 | Lair:4   | Received a gift from Trog
 16167 | Lair:4   | Found a staircase to the Slime Pits.
 17117 | Lair:5   | Entered Level 5 of the Lair of Beasts
 17712 | Lair:5   | Reached skill level 17 in Fighting
 18227 | Lair:5   | Reached XP level 14. HP: 93/141 MP: 13/13
 18270 | Lair:5   | Reached skill level 18 in Fighting
 18454 | Lair:5   | Found a large runed translucent door.
 18582 | Lair:5   | Found a large runed translucent door.
 18627 | Lair:5   | Received a gift from Trog
 19567 | Orc:1    | Entered Level 1 of the Orcish Mines
 19627 | Orc:1    | You fall into a shaft and drop 1 floor!
 19627 | Orc:2    | Entered Level 2 of the Orcish Mines
 20604 | Orc:2    | Received a gift from Trog
 20979 | Orc:2    | Found a staircase to the Elven Halls.
 21530 | Orc:2    | Found Alilashru's Magic Scroll Emporium.
 21530 | Orc:2    | Found Qittus's Jewellery Boutique.
 21532 | Orc:2    | Found Gystror's Weapon Emporium.
 21532 | Orc:2    | Found Pyrotole's Book Boutique.
 21713 | D:12     | Found Ugaem's Assorted Antiques.
 21788 | D:12     | Reached skill level 10 in Shields
 22690 | D:13     | Found a frozen archway.
 22699 | IceCv    | Entered an ice cave
 22743 | IceCv    | Received a gift from Trog
 22786 | IceCv    | Reached ****** piety under Trog
 23001 | IceCv    | Noticed a reaper
 23022 | IceCv    | Killed a reaper
 23349 | IceCv    | Identified the +9 ice dragon scales "Hecvefayc" {rElec rF-
                  | rC++ Regen+ Str+4}
 23595 | D:13     | Reached skill level 19 in Fighting
 23618 | D:13     | Found a gate to the Vaults.
 23749 | D:13     | Reached XP level 15. HP: 152/152 MP: 14/14
 24341 | D:14     | Found a glowing silver altar of Zin.
 24991 | D:15     | Entered Level 15 of the Dungeon
 25190 | D:15     | Reached skill level 10 in Evocations
 25284 | D:15     | Found a stormy altar of Qazlal.
 25320 | D:15     | Identified the +3 sling "Totiuk" {elec, Str+3 Int-5 Dex+2
                  | Stlth+}
 25475 | D:14     | Identified the +1 broad axe "Vehack" {flame, SInv} (Trog
                  | gifted it to you on level 14 of the Dungeon)
 25475 | D:14     | Received a gift from Trog
 26331 | D:15     | Found a staircase to the Depths.
 26337 | D:15     | Upgraded the game from 0.31-a0-810-ga77100ea1a to
                  | 0.31-a0-818-ge7c7cf74f0
 26554 | Orc:2    | Bought a ring of poison resistance for 260 gold pieces
 26744 | Swamp:1  | Entered Level 1 of the Swamp
 26754 | Swamp:1  | Noticed Louise
 26787 | Swamp:1  | Killed Louise
 26988 | Swamp:1  | Noticed a fenstrider witch
 26994 | Swamp:1  | Killed a fenstrider witch
 27084 | Swamp:1  | Noticed a thorn hunter
 27098 | Swamp:1  | Killed a thorn hunter
 27120 | Swamp:1  | Reached skill level 15 in Shields
 27228 | Swamp:1  | Identified the +3 dagger of the Sea {pain, rN+}
 27634 | Swamp:2  | Noticed a tentacled monstrosity
 27650 | Swamp:2  | Killed a tentacled monstrosity
 27830 | Swamp:2  | Received a gift from Trog
 28020 | Swamp:3  | Reached XP level 16. HP: 157/160 MP: 15/15
 28421 | Swamp:3  | Found a runed translucent gate.
 28421 | Swamp:3  | Found a runed translucent gate.
 28421 | Swamp:3  | Found a runed translucent gate.
 28427 | Swamp:3  | Noticed Oxzixom's ghost (adept TrBe)
 28802 | Swamp:4  | Entered Level 4 of the Swamp
 29119 | Swamp:4  | Identified the +0 robe of Inference {rF- Dex+5}
 29358 | Swamp:4  | Paralysed by a fenstrider witch for 3 turns
 29430 | Swamp:4  | Received a gift from Trog
 29589 | Swamp:4  | Noticed a tentacled monstrosity
 29598 | Swamp:4  | Killed a tentacled monstrosity
 29685 | Swamp:4  | Got a decaying rune of Zot
 29786 | Swamp:4  | Noticed a thorn hunter
 29809 | Swamp:4  | Killed a thorn hunter
 30042 | Spider:1 | Entered Level 1 of the Spider Nest
 30294 | Spider:1 | Reached skill level 20 in Fighting
 30294 | Spider:1 | Reached XP level 17. HP: 139/170 MP: 16/16
 30451 | Spider:1 | Noticed Roxanne
 31211 | Spider:2 | Received a gift from Trog
 32069 | Spider:3 | Identified the +6 trident of the Illusory Seers {venom,
                  | Str+3}
 32421 | Spider:3 | Noticed Aizul
 32438 | Spider:3 | Killed Aizul
 32810 | Spider:4 | Entered Level 4 of the Spider Nest
 32833 | Spider:4 | Received a gift from Trog
 33077 | Spider:4 | Reached skill level 10 in Armour
 33530 | Spider:4 | Noticed Agnes
 33541 | Spider:4 | Killed Agnes
 33618 | Spider:4 | Received a gift from Trog
 33904 | Spider:4 | Reached XP level 18. HP: 177/178 MP: 17/17
 34320 | Spider:4 | Identified the +2 pair of boots "Cala" {-Tele rCorr Int+8
                  | Dex-5}
 34339 | Spider:4 | Got a gossamer rune of Zot
 34626 | Vaults:1 | Entered Level 1 of the Vaults
 34721 | Vaults:1 | Received a gift from Trog
 34729 | Vaults:1 | Found Cunamn's Antique Armour Emporium.
 34786 | Vaults:1 | Reached skill level 10 in Dodging
 34868 | Vaults:1 | Paralysed by a sphinx for 2 turns
 35219 | Vaults:1 | Found a portal to a secret trove of treasure.
 35222 | Abyss:2  | Cast into level 2 of the Abyss (a wizard)
 35342 | Vaults:1 | Escaped the Abyss
 36117 | Vaults:1 | Identified a scroll of acquirement
 36219 | Vaults:1 | Acquired a manual of Shields
 36241 | Vaults:1 | Received a gift from Trog
 36331 | Vaults:2 | Noticed Donald
 36346 | Vaults:2 | Killed Donald
 36372 | Vaults:2 | Found Inikhlud's Antique Weapon Shop.
 36774 | Vaults:2 | Reached XP level 19. HP: 159/185 MP: 18/18
 36926 | Vaults:2 | Noticed Margery
 36957 | Vaults:2 | Killed Margery
 37081 | Vaults:2 | Found Ehoyf's Assorted Antiques.
 37090 | Vaults:2 | Found Piekliod's Distillery.
 37110 | Vaults:2 | Bought a potion of curing for 51 gold pieces
 37110 | Vaults:2 | Bought a potion of lignification for 51 gold pieces
 37110 | Vaults:2 | Bought a potion of attraction for 51 gold pieces
 37110 | Vaults:2 | Bought a potion of curing for 51 gold pieces
 37110 | Vaults:2 | Bought a potion of magic for 136 gold pieces
 37110 | Vaults:2 | Bought a potion of lignification for 51 gold pieces
 37110 | Vaults:2 | Bought a potion of berserk rage for 85 gold pieces
 37110 | Vaults:2 | Bought a potion of heal wounds for 85 gold pieces
 37320 | Vaults:2 | Noticed Xtahua
 37339 | Vaults:2 | Paralysed by Xtahua for 2 turns
 37344 | Vaults:2 | Killed Xtahua
 37357 | Vaults:2 | Noticed a dread lich
 37365 | Vaults:2 | Noticed a Brimstone Fiend
 37374 | Vaults:2 | Killed a dread lich
 37375 | Vaults:2 | Reached skill level 15 in Armour
 37716 | Vaults:2 | Found Xeel's Magic Scroll Shop.
 37745 | Vaults:2 | Received a gift from Trog
 37927 | Vaults:2 | Bought a scroll of teleportation for 54 gold pieces
 37927 | Vaults:2 | Bought a scroll of teleportation for 54 gold pieces
 37928 | Vaults:2 | Bought a scroll of identify for 36 gold pieces
 37928 | Vaults:2 | Bought a scroll of identify for 36 gold pieces
 38543 | Vaults:3 | Found a staircase to the Crypt.
 38562 | Vaults:3 | Received a gift from Trog
 38805 | Vaults:3 | Found a gateway to a bazaar.
 38861 | Vaults:3 | Found a transporter.
 38904 | Vaults:3 | Found a transporter.
 39147 | Vaults:3 | Reached skill level 15 in Evocations
 39247 | Vaults:3 | Identified the ring "Gaqem" {rF+ rC+ rN+ Str+2 Int-2}
 39256 | Vaults:3 | Identified the ring of Peddoxoa {Will+ rCorr}
 39422 | Vaults:4 | Reached XP level 20. HP: 173/193 MP: 19/19
 39620 | Vaults:4 | Reached skill level 1 in Throwing
 39656 | Vaults:4 | Identified the +5 hand axe "Oshrorr" {speed, rC+ rN++ rCorr
                  | Int-4}
 39876 | Vaults:4 | Received a gift from Trog
 39996 | Vaults:4 | Reached skill level 5 in Throwing
 40551 | Vaults:5 | Entered Level 5 of the Vaults
 40566 | Vaults:5 | Received a gift from Trog
 40578 | Vaults:4 | Reached skill level 10 in Throwing
 40870 | Vaults:5 | Noticed a golden dragon
 40901 | Vaults:5 | Killed a golden dragon
 40950 | Vaults:5 | Identified the +5 rapier of the Traitor {antimagic, rElec
                  | Will+ Int+3}
 40956 | Vaults:5 | Noticed a golden dragon
 40960 | Vaults:5 | Killed a golden dragon
 40973 | Vaults:5 | Identified the +2 scale mail of Negation {Str+3 Slay+3}
 41154 | Vaults:5 | Received a gift from Trog
 41189 | Vaults:5 | Reached XP level 21. HP: 180/201 MP: 20/20
 41324 | Vaults:5 | Identified the ring of Raongohe {Str+3 Slay+3 SInv}
 41525 | Vaults:5 | Got a silver rune of Zot
 41556 | Vaults:5 | Found the +7 Spriggan's Knife {stab, EV+4 Stlth+}
 41714 | Vaults:5 | Identified the +2 acid dragon scales "Iceuq" {Regen+ rCorr}
 42887 | Swamp:3  | Killed Oxzixom's ghost
 43047 | Spider:1 | Killed Roxanne
 43138 | Slime:1  | Entered Level 1 of the Pits of Slime
 43154 | Slime:1  | Received a gift from Trog
 43408 | Slime:2  | Reached skill level 21 in Fighting
 43414 | Slime:2  | Gained mutation: You have sharp fingernails. [a shining
                  | eye]
 43415 | Slime:2  | Gained mutation: You expend magic power (3 MP) to
                  | strengthen your wands. [a shining eye]
 43418 | Slime:2  | Gained mutation: Your magical capacity is low. (-10% MP) [a
                  | shining eye]
 43423 | Slime:2  | Gained mutation: Your flesh is cold resistant. (rC+) [a
                  | shining eye]
 43548 | Slime:5  | Entered Level 5 of the Pits of Slime
 43569 | Slime:5  | Received a gift from Trog
 43604 | Slime:5  | Reached skill level 22 in Fighting
 43897 | Orc:2    | Bought 4 silver javelins for 612 gold pieces
 44309 | Slime:5  | Noticed the Royal Jelly
 44325 | Slime:5  | Killed the Royal Jelly
 44465 | Slime:5  | Paralysed by a great orb of eyes for 2 turns
 44475 | Slime:5  | Reached skill level 23 in Fighting
 44623 | Slime:5  | Identified the +2 quarterstaff of the Desolation of Salt
                  | {freeze, rN++}
 44625 | Slime:5  | Found the amulet of the Air {Inacc Air Fly rElec RMsl}
 44650 | Slime:5  | Got a slimy rune of Zot
 44665 | Slime:5  | Identified the ring "Waezxau" {Wiz rF++ rCorr Str-2 Slay+2}
 44744 | Slime:5  | Identified the +8 flail "Ygatynas" {vamp, Will++ MP+9
                  | Int-2}
 44905 | Slime:5  | Reached XP level 22. HP: 200/220 MP: 18/18
 45515 | Elf:1    | Entered Level 1 of the Elven Halls
 45826 | Elf:1    | Received a gift from Trog
 45978 | Elf:1    | Paralysed by an air elemental for 1 turns
 46351 | Elf:2    | Reached skill level 24 in Fighting
 46371 | Elf:2    | Identified the +1 robe "Haemaeklea" {rPois Str+6 Dex-4}
 46519 | Elf:2    | Received a gift from Trog
 46879 | Elf:2    | Found a runed translucent gate.
 46884 | Elf:2    | Found a runed translucent gate.
 46884 | Elf:2    | Found a runed translucent gate.
 46954 | Elf:2    | Reached skill level 25 in Fighting
 47137 | Elf:2    | Received a gift from Trog
 47297 | Elf:3    | Entered Level 3 of the Elven Halls
 47912 | Elf:3    | Identified the ring of Vecsum {rPois SInv}
 47944 | Elf:3    | HP: 9/226 [deep elf annihilator/crystal spear (81)]
 48184 | Elf:3    | Identified the amulet "Qugg" {Faith rF+ Int+4 Dex-5 SInv}
 48262 | Elf:3    | Identified the +1 whip "Cookie Cutter" {drain, rF+ Int+3}
 48265 | Elf:3    | Identified the +1 war axe of the Gloaming {drain, rElec
                  | rF++ rC-}
 48291 | Elf:3    | Reached skill level 26 in Fighting
 48492 | Elf:3    | Identified the +4 ring mail of the Caustic God {rN+ Int+3}
 48492 | Elf:3    | Identified the amulet of the Voivode {Reflect rF- rC+ Will+
                  | SH+5}
 48495 | Elf:3    | Identified the +3 buckler "Xiqathroo" {rN+}
 48535 | Elf:3    | Received a gift from Trog
 49115 | Depths:1 | Entered Level 1 of the Depths
 49240 | Depths:1 | Found a one-way gateway to a ziggurat.
 49361 | Depths:1 | Reached skill level 27 in Fighting
 49456 | Depths:1 | Received a gift from Trog
 49457 | Depths:1 | Reached skill level 1 in Invocations
 49567 | Depths:1 | Found Xeum's Book Shoppe.
 49567 | Depths:1 | Found Lakkyffu's Jewellery Boutique.
 49568 | Depths:1 | Found Ruzesali's Jewellery Boutique.
 50342 | Depths:1 | Reached XP level 23. HP: 240/240 MP: 19/20
 51144 | Depths:1 | Bought the ring of Jiabioma {rN+ Will+ Str+4} for 490 gold
                  | pieces
 51394 | Vaults:1 | You showed the slimy rune of Zot to enter a treasure trove
 51395 | Trove    | Entered a treasure trove
 51737 | Depths:1 | Found a gateway to Hell.
 51934 | Depths:1 | Found a shimmering blue altar of Sif Muna.
 51941 | Depths:1 | Found a blossoming altar of Fedhas.
 52422 | Depths:2 | Paralysed by a floating eye for 4 turns
 52523 | Depths:2 | Reached skill level 5 in Invocations
 52554 | Depths:2 | Killed Nikola
 52665 | Depths:2 | Found a large runed translucent door.
 52666 | Depths:2 | Found a large runed translucent door.
 52675 | Depths:2 | Noticed xzight's ghost (legendary MiBe)
 52712 | Depths:2 | Received a gift from Trog
 52973 | Depths:2 | Found a one-way gate leading to the halls of Pandemonium.
 53298 | Depths:2 | Found a one-way gate to the infinite horrors of the Abyss.
 53867 | Depths:3 | Received a gift from Trog
 54648 | Depths:4 | Entered Level 4 of the Depths
 54850 | Depths:4 | Found a gate to the Realm of Zot.
 55162 | Depths:4 | Noticed an ancient lich
 55302 | Depths:4 | Killed an ancient lich
 55369 | Depths:4 | Received a gift from Trog
 55385 | Depths:4 | Reached skill level 10 in Invocations
 55499 | Depths:4 | Reached XP level 24. HP: 218/226 MP: 26/26
 56153 | Zot:1    | Entered Level 1 of the Realm of Zot
 56210 | Zot:1    | Received a gift from Trog
 56293 | Zot:1    | Found a transporter.
 56294 | Zot:1    | Found a transporter.
 56355 | Zot:1    | HP: 17/373 [red draconian scorcher/bolt of fire[a red
                  | draconian scorcher] (24)]
 56360 | Zot:1    | Killed from afar by a red draconian scorcher

Illustrated notes

Levels and vault maps discovered:
D:1:      spicycebolla_green_bress_n_ham, layout_loops_corners,
          due_unseen_surprise
D:2:      layout_loops_ring, serial_shops, nicolae_lakefront_shop,
          nicolae_ecumenical_snake_handling, serial_forest,
          infiniplex_forest_clump_small, infiniplex_forest_straight_1,
          infiniplex_forest_clump_long, infiniplex_forest_clump_long,
          infiniplex_forest_straight_3, infiniplex_forest_straight_2,
          infiniplex_forest_lined_3, infiniplex_forest_pool,
          infiniplex_forest_zigzag_1, infiniplex_forest_end_3, uniq_jessica
D:3:      minmay_inner_zag, layout_rooms,
          chequers_temple_overflow_statue_of_worship,
          nicolae_figureground_sparkle, uniq_sigmund
D:4:      layout_cave_pools, minmay_temple_entry_nine_rooms,
          biasface_ghost_orc_armoury, dreamdust_wishing_well
D:5:      layout_loops_ring, ebering_ghost_rock_garden, uniq_crazy_yiuf_cottage
D:6:      layout_rooms
D:7:      cheibrodos_grave_circle, layout_loops_cross, lemuel_crystal_altar,
          nicolae_shop_i_like_big_books,
          hellmonk_guarded_unrand_vitality_bloodlust
D:8:      layout_rooms, gammafunk_temple_overflow_forgotten,
          hellmonk_ghost_big_iron
D:9:      layout_big_octagon, nemelex_spade_bored_becter, serial_column_ruins,
          column_ruins_hut, column_ruins_hut, column_ruins_columns_straight,
          column_ruins_open_small_water, column_ruins_corridor_straight,
          column_ruins_columns_straight, column_ruins_open_tiny, disabler_island
D:10:     layout_gridville, mainiacjoe_overflow_tiny_flanked,
          minmay_misc_feat_ornament, uniq_nergalle, uniq_joseph
D:11:     layout_gridville, lair_entry_dummy, orc_0_dummy
D:12:     layout_roguey, serial_shops, nicolae_shop_behind_doors, minmay_radiant
D:13:     lemuel_ice_statue, layout_cave_pools, erik_vaults_1,
          portal_ice_cave_entry_pillars_2
D:14:     layout_loops_ring, zin_angel, minmay_misc_feat_rows,
          kennysheep_cluttered_room
D:15:     gammafunk_enter_depths_forms, layout_basic, grunt_qazlal_clouds
Lair:1:   layout_cave_pods
Lair:2:   layout_regular_city, nicolae_spider_entry_non_spiders,
          nicolae_lair_lindhole, infiniplex_staircase_pool, lemuel_fruit_fields,
          lemuel_fruit_tree
Lair:3:   layout_small_grid, skrybe_swamp_entry_bodies, basic_altar,
          ice2_lemuel, uniq_snorg, uniq_gastronok
Lair:4:   layout_regular_city, minmay_slime_entry_pillars, st_stairs_5,
          serial_bayou_lagoon_b, grunt_megastairs_2
Lair:5:   cheibrodos_lair_end_hotspot, layout_regular_city
Swamp:1:  layout_falls_marsh, evilmike_swamp_ruin_house_2, swamp_pool3,
          uniq_louise
Swamp:2:  layout_basic_swamp, evilmike_swamp_ruin_rubble_2
Swamp:3:  layout_basic_swamp, gammafunk_ghost_necromancy, serial_swamp_ruin,
          evilmike_swamp_ruin_house_1, evilmike_swamp_ruin_house_4, swamp_pool1,
          infiniplex_staircase_pool_2
Swamp:4:  swamp_vile, layout_basic_swamp
Spider:1: layout_chambers, nicolae_spider_shape, uniq_roxanne
Spider:2: nicolae_spider_broodchamber, nicolae_spider_spiderdrome
Spider:3: layout_spider_delve, nicolae_crawler_farm, uniq_aizul
Spider:4: floodkiller_spider_rune_tomb, uniq_agnes
Slime:1:  layout_caves
Slime:2:  layout_caves
Slime:3:  layout_caves
Slime:4:  layout_caves
Slime:5:  slime_pit_nicolae_amoeboid
Orc:1:    layout_caves
Orc:2:    grunt_orc_tribal_feast, layout_caves, basic_altar
Elf:1:    layout_geoelf_diagonals, hangedman_elf_represent
Elf:2:    elven_hall_of_blades_hangedman_original [nicolae_blade_tridents],
          layout_onion_city
Elf:3:    nooodl_elf_gasket, layout_gridlike, nicolae_twisting_strands
Vaults:1: hangedman_vaults_stream, nicolae_vaults_sightless_eye,
          dpeg_vaults_monster_row, vaults_room_grid,
          nicolae_vaults_shelves_hall, grunt_vaults_hallway_short,
          ontoclasm_vaults_eye, grunt_vaults_funnel, hangedman_vaults_nails,
          layout_vaults_big_cross, serial_shops,
          nicolae_shop_pleasant_corner_grove, enter_trove_1
Vaults:2: hangedman_vaults_variations, nicolae_vaults_specimen_jars, v_misc_11,
          ontoclasm_vaults_chip, v_misc_11, nicolae_vaults_twisting_passages,
          ontoclasm_vaults_spin, nicolae_vaults_little_squares_5,
          vaults_dpeg_hooks, nicolae_vaults_little_squares_1, v_alt_pattern_4,
          nicolae_vaults_house_1, layout_vaults_omnibox, serial_shops,
          nicolae_diamond_shop, shop, nicolae_shop_statue_plus,
          nicolae_shop_gibbet_a_chance, uniq_xtahua, uniq_donald, uniq_margery
Vaults:3: nicolae_vaults_shrinking_rooms_2, gammafunk_its_a_trap,
          hangedman_vaults_nails, hangedman_vaults_restitches,
          ontoclasm_vaults_decontamination, vaults_dpeg_ring,
          vaults_room_semicircle, hangedman_vaults_nodes,
          nicolae_vaults_sesquioval_fish, grunt_vaults_hallway_long,
          nicolae_vaults_closet_pinwheel_1, nicolae_vaults_trapezoid_lopsided_2,
          nicolae_vaults_rhombus_6, layout_vaults_maze_snakey,
          dummy_crypt_entry, serial_shops, bzr_entry_road
Vaults:4: nicolae_vaults_offset_grid_hallway_1, dpeg_vaults_hating_casters,
          v_alt_pattern_2, nicolae_vaults_little_squares_6,
          hangedman_vaults_snaps, v_rooms_4, nicolae_vaults_diagonal_hallway_8,
          nicolae_vaults_tetromino_Z_2, nicolae_vaults_closet_pinwheel_3,
          nicolae_vaults_closet_pinwheel_4, nicolae_vaults_trapezoid_4,
          nicolae_vaults_tetromino_Z_1, nicolae_vaults_diamond_1,
          layout_vaults_big_room
Vaults:5
Depths:1: layout_gridville, enter_ziggurat_f, fedhas_altar_fruit_tree,
          grunt_hell_entry_dis_old, led_sif_pool, minmay_shop_grove
Depths:2: dreamdust_merry_men, layout_basic, rand_demon_pan_entry_4,
          abyss_entry_crystal, grunt_mini_vestibule,
          ebering_ghost_disaster_area, serial_corexii_hall,
          chequers_hall_statues_y, corexii_hall_statues_l,
          infiniplex_staircase_door_maze, uniq_nikola
Depths:3: nicolae_terramorphic_expanse [nicolae_terramorphic_quarter,
          nicolae_terramorphic_quarter, nicolae_terramorphic_quarter,
          nicolae_terramorphic_quarter, nicolae_terramorphic_quarter,
          nicolae_terramorphic_biome, nicolae_terramorphic_biome,
          nicolae_terramorphic_biome, nicolae_terramorphic_biome], layout_basic,
          hell_entry, abyss_entry_glasseish, serial_bayou_lagoon_a
Depths:4: evilmike_zot_entry_argh, layout_twisted_cross, hangedman_decor_points,
          special_room [special_room_morgue], hell_entry
Zot:1:    layout_misc_corridors, serial_nicolae_subway,
          nicolae_sub_station_stone, nicolae_sub_station_crystal,
          nicolae_sub_station_metal

Skill      XL: |  1  2  3  4  5  6  7  8  9 10 11 12 13 14 15 16 17 18 19 20 21 22 23 24 |
---------------+-------------------------------------------------------------------------+-----
Axes           | 4 6 7 10 12 14 15 16 18 20 22 23 | 23.7
Fighting       | 4 5 10 11 15 17 19 20 23 27 | 27.0
Armour         | 3 4 6 9 11 14 15 17 | 17.0
Dodging        | 3 4 5 7 9 10 13 | 13.0
Shields        | 4 6 10 16 20 24 25 | 25.0
Evocations     | 2 9 10 11 13 15 | 15.0
Throwing       | 10 | 10.0
Invocations    | 1 10 12 | 12.1

Action                     |  1- 3 |  4- 6 |  7- 9 | 10-12 | 13-15 | 16-18 | 19-21 | 22-24 || total
---------------------------+-------+-------+-------+-------+-------+-------+-------+-------++-------
  Melee: Hand axe          |    60 |   129 |   228 |   172 |       |       |       |       ||   589
         Headbutt          |     5 |    15 |    44 |   117 |   293 |   380 |   340 |   226 ||  1420
         Punch             |       |     1 |     4 |       |       |       |       |       ||     5
         War axe           |       |       |       |   319 |   789 |       |       |       ||  1108
         Morningstar       |       |       |       |       |    26 |       |       |       ||    26
         Broad axe         |       |       |       |       |   341 |  1452 |  1169 |   986 ||  3948
  Throw: Javelin           |       |       |       |       |       |       |     4 |       ||     4
         Throwing net      |       |       |       |       |       |       |     1 |       ||     1
 Invoke: Berserk           |     1 |       |       |     1 |     8 |     2 |       |     1 ||    13
         Trog's Hand       |       |       |       |     1 |       |     4 |     5 |       ||    10
         Brothers in Arms  |       |       |       |       |     2 |       |       |     1 ||     3
  Evoke: Wand              |       |       |       |       |     1 |       |     1 |       ||     2
    Use: Scroll            |       |       |     5 |     2 |    17 |    15 |    12 |     9 ||    60
         Potion            |       |       |       |       |     1 |     1 |     3 |     2 ||     7
   Stab: Petrified         |       |       |       |       |     3 |       |       |       ||     3
         Petrifying        |       |       |       |       |     1 |       |       |       ||     1
         Held in net/web   |       |       |       |       |       |       |     1 |       ||     1
 Armour: Animal skin       |     6 |       |       |       |       |       |       |       ||     6
         Ring mail         |    21 |    65 |       |       |       |       |       |       ||    86
         Scale mail        |       |       |   161 |   334 |   405 |       |       |       ||   900
         Ice dragon scales |       |       |       |       |   345 |   714 |   729 |   598 ||  2386
  Dodge: Dodged            |    41 |    65 |    88 |   174 |   402 |   349 |   300 |   246 ||  1665
  Block: Buckler           |       |       |       |    66 |   141 |       |       |       ||   207
         Kite shield       |       |       |       |       |   118 |       |       |       ||   118
         Tower shield      |       |       |       |       |   115 |  1557 |  1460 |  1236 ||  4368
         Reflection        |       |       |       |       |       |       |       |    69 ||    69

Table legend: (Time is in decaauts)
 A = Elapsed time spent in this place.
 B = Non-inter-level travel time spent in this place.
 C = Inter-level travel time spent in this place.
 D = Time resting spent in this place.
 E = Time spent auto-exploring this place.
 F = Levels seen in this place.
 G = Mean time per level.
                   A        B        C        D        E       F      G
               +--------+--------+--------+--------+--------+-----+--------+
         Total |  56022 |  48312 |   7710 |   4119 |  32662 |  51 | 1098.5 |
       Dungeon |  17172 |  13884 |   3288 |    837 |  10118 |  15 | 1144.8 |
          Lair |   8850 |   7497 |   1353 |    523 |   5974 |   5 | 1770.0 |
         Swamp |   3570 |   3287 |    283 |     61 |   2284 |   4 |  892.5 |
   Spider Nest |   4427 |   3915 |    512 |    111 |   2685 |   4 | 1106.8 |
    Slime Pits |   1935 |   1607 |    328 |    138 |    810 |   5 |  387.0 |
  Orcish Mines |   2363 |   1888 |    475 |    452 |   1106 |   2 | 1181.5 |
   Elven Halls |   3441 |   3121 |    320 |    222 |   1964 |   3 | 1147.0 |
        Vaults |   7717 |   7003 |    714 |    952 |   4221 |   5 | 1543.4 |
        Depths |   5391 |   4959 |    432 |    366 |   3357 |   4 | 1347.8 |
           Zot |    214 |    214 |      0 |     82 |     15 |   1 |  214.0 |
         Abyss |    115 |    115 |      0 |      0 |      0 |   1 |  115.0 |
         Trove |     75 |     75 |      0 |      0 |      0 |   1 |   75.0 |
      Ice Cave |    745 |    745 |      0 |    373 |    126 |   1 |  745.0 |
               +--------+--------+--------+--------+--------+-----+--------+

Top non-repeatable levels by time:
  Lair:3: 2109 daAuts
  Lair:5: 1908 daAuts
Vaults:1: 1817 daAuts
    D:15: 1745 daAuts
  Lair:2: 1732 daAuts
   Orc:2: 1709 daAuts
     D:5: 1699 daAuts
Vaults:2: 1621 daAuts
  Lair:1: 1613 daAuts
Spider:4: 1596 daAuts
    D:11: 1574 daAuts
   Elf:3: 1497 daAuts
  Lair:4: 1486 daAuts
Vaults:3: 1482 daAuts
Depths:1: 1479 daAuts
